Map: Winter Madness LE

Players

HoldTheDoor - Winner!

  • Race: Protoss Protoss
  • League: Diamond
  • Spawn Location: 11:00

Neimand

  • Race: Protoss Protoss
  • League: Diamond
  • Spawn Location: 5:00

VOD

Have the link to the VOD?

Description

Time

  • Played on: May 25, 2026, 1:29 p.m.
  • Length: 2:28
Show
View Real Time Build Order
Export as new Build Order

HoldTheDoor Protoss - Winner!

Build Orders:  

Get SALT Encoding   

  12  0:00  Probe  
  13  0:12  Probe  
  14  0:18  Pylon  
  14  0:23  Probe  
  15  0:32  Probe  
  15  0:39  Gateway  
  15  0:40  Probe  
  16  0:48  Assimilator  
  17  1:03  Forge  
  17  1:09  Probe  
  18  1:21  Probe  
  19  1:33  Probe  
  20  1:45  Probe  
  21  1:50  Pylon  
  21  2:05  Probe  
  21  2:08  Assimilator  
Show
View Real Time Build Order
Export as new Build Order

Neimand Protoss 

Build Orders:  

Get SALT Encoding   

  12  0:00  Probe  
  13  0:12  Probe  
  14  0:17  Pylon  
  14  0:20  Probe  
  15  0:31  Probe  
  16  0:40  Forge  
  16  0:43  Probe  
  17  1:18  Pylon  
  17  1:20  Pylon  
  17  1:22  Pylon  
  17  1:23  Pylon  
  17  1:25  Pylon  
  17  1:39  Photon Cannon  
  17  1:43  Photon Cannon  
  17  1:53  Probe  
  18  1:57  Assimilator  
  18  2:00  Gateway  
  18  2:05  Probe  
Tags
 
Matchup
PvP
Replay Pack
SC2Mai2026
Spawn Locations
Cross Positions
Add a new tag
Caveats
  • Supply blocks, unpowered buildings, or Contaminate may cause inaccurate times.
  • Supply counts are checked every 10 seconds.